 Dungeon Crawl Stone Soup version 0.22-a0-512-g0943f25 (webtiles) character file.

32 saradell the Skirmisher (level 3, -16/33 HPs)
             Began as a Hill Orc Fighter on June 18, 2018.
             Demolished by an ogre
             ... wielding a +0 giant spiked club
              (24 damage)
             ... on level 2 of the Dungeon.
             The game lasted 00:13:20 (1079 turns).

saradell the Skirmisher (Hill Orc Fighter)          Turns: 1079, Time: 00:13:22

Health: -16/33     AC:  7    Str: 19    XL:     3   Next: 25%
Magic:  3/3        EV:  7    Int:  8    God:
Gold:   67         SH:  9    Dex: 10    Spells: 2/2 levels left

rFire    . . .     SeeInvis .   a - +0 trident
rCold    . . .     Gourm    .   c - +0 shield
rNeg     . . .     Faith    .   b - +0 scale mail
rPois    .         Spirit   .   (no helmet)
rElec    .         Reflect  .   (no cloak)
rCorr    .         Harm     .   (no gloves)
MR       .....                  (no boots)
Stlth    ..........             (no amulet)
HPRegen  0.11/turn              (no ring)
MPRegen  0.08/turn              (no ring)

@: no status effects
A: no striking features
a: no special abilities


You were on level 2 of the Dungeon.
You were hungry.

You visited 1 branch of the dungeon, and saw 2 of its levels.

You collected 67 gold pieces.

Inventory:

Hand Weapons
 a - a +0 trident (weapon)
 g - a +2 vampiric whip
Missiles
 i - 20 poisoned needles
 k - 11 arrows
 m - 17 stones (quivered)
Armour
 b - a +0 scale mail (worn)
 c - a +0 shield (worn)
Scrolls
 e - a scroll of immolation {unknown}
 h - 2 scrolls of remove curse {unknown}
Potions
 d - a potion of might
 j - a potion of cancellation {unknown}
 l - a potion of heal wounds {unknown}
 n - a potion of curing {unknown}
 o - a potion of flight {unknown}
Comestibles
 f - 3 rations


   Skills:
 + Level 3.8 Fighting
 + Level 2.5 Polearms
 + Level 3.8 Armour
 + Level 3.8 Shields


You had 2 spell levels left.
You didn't know any spells.
Your spell library was empty.

Dungeon Overview and Level Annotations

Branches:
Dungeon (2/15)

Altars:
Nemelex Xobeh
Vehumet
Wu Jian


Message History

An ogre comes into view. It is wielding a giant spiked club.
The ogre shouts!
You block the giant cockroach's attack.
You barely miss the giant cockroach.
The giant cockroach bites you but does no damage.
You hit the giant cockroach but do no damage.
The giant cockroach bites you but does no damage.
You block the giant cockroach's attack.
You barely miss the giant cockroach. You block the giant cockroach's attack.
The giant cockroach bites you but does no damage.
You barely miss the giant cockroach. You block the giant cockroach's attack.
The ogre hits you with a giant spiked club!!
Ouch! That really hurt!
* * * LOW HITPOINT WARNING * * *
You hit the giant cockroach but do no damage.
A rat comes into view.
You block the giant cockroach's attack. x2
The ogre hits you with a giant spiked club!!
Ouch! That really hurt!
You die...

#....#######.........
##........r........#####
........................
#.......................
#................._.....
#.#.....................
#............_..⌠.......
.................O......
###.............@s......
................_...#...
##............#...###
#)#+#....#####.### #.
...#### #.# ....... ..#
.##...### ### . #...
#...


You could see an ogre, a giant cockroach and a rat (wandering).

Vanquished Creatures
  A dart slug (D:1)
  2 leopard geckos (D:1)
  2 giant cockroaches (D:1)
  6 hobgoblins (D:1)
  5 bats
  A frilled lizard (D:2)
  4 goblins (D:1)
  2 kobolds (D:1)
  3 rats (D:1)
26 creatures vanquished.

Notes
Turn   | Place    | Note
-------+----------+-------------------------------------------
     0 | D:1      | saradell the Hill Orc Fighter began the quest for the Orb.
     0 | D:1      | Reached XP level 1. HP: 19/19 MP: 1/1
   107 | D:1      | Reached XP level 2. HP: 27/27 MP: 2/2
   357 | D:1      | Reached XP level 3. HP: 33/33 MP: 3/3
  1063 | D:2      | Found a radiant altar of Vehumet.
  1067 | D:2      | Found an ornate altar of the Wu Jian Council.
  1069 | D:2      | Found a sparkling altar of Nemelex Xobeh.
  1074 | D:2      | Noticed an ogre
  1079 | D:2      | Demolished by an ogre

Vault maps used:
D:1:      dpeg_arrival_rooms_a
D:2:      grunt_temple_overflow_open, gammafunk_temple_overflow_statue,
          uniq_jessica

Action                   || total
-------------------------++-------
Melee: Trident           ||   105
Armor: Scale mail        ||    57
Dodge: Dodged            ||    32
Block: Shield            ||    79

Table legend:
 A = Spawn XP
 B = Non-spawn XP
 C = Spawn XP percentage of total XP
 D = Spawn monster count
 E = Non-spawn monster count
 F = Spawn count percentage of total count
 G = Total turns spent on level
                    A         B        C        D         E        F      G
               +---------+---------+-------+---------+---------+-------+---------
         Total |       0 |      46 |   0.0 |       0 |      26 |   0.0 |  1079
               +---------+---------+-------+---------+---------+-------+---------
           D:1 |       0 |      44 |   0.0 |       0 |      24 |   0.0 |  1037
           D:2 |       0 |       2 |   0.0 |       0 |       2 |   0.0 |    42
               +---------+---------+-------+---------+---------+-------+---------
